 Dungeon Crawl Stone Soup version 0.28.0-45-g0d030f2227 (webtiles) character file.

Game seed: 6688158989068623339

5991 Icepheonix32 the Covered (level 10, -6/114 HPs)
             Began as a Demonspawn Fighter on Apr 13, 2022.
             Was a Follower of Kikubaaqudgha.
             Mangled by a death knight
             ... wielding a +2 vorpal battleaxe
             ... summoned by a kobold brigand
              (7 damage)
             ... on level 10 of the Dungeon.
             The game lasted 00:20:33 (8515 turns).

Icepheonix32 the Covered (Demonspawn Fighter)       Turns: 8515, Time: 00:20:34

Health: -6/114     AC: 20    Str: 23    XL:     10   Next: 55%
Magic:  16/16      EV: 16    Int: 14    God:    Kikubaaqudgha [*.....]
Gold:   185        SH:  0    Dex: 13    Spells: 5/17 levels left

rFire   . . .      SeeInvis +   D - +5 trident (pain)
rCold   . . .      Faith    .   (no shield)
rNeg    . . .      Spirit   .   G - +2 scale mail of Buwul {*Slow Str+4 Int+3 SInv}
rPois   .          Reflect  .   o - +1 hat
rElec   .          Harm     .   r - +2 cloak {Stlth+}
rCorr   .          Rampage  .   (no gloves)
Will    .....      Rnd*Tele +   (no boots)
Stlth   ..........              (no amulet)
HPRegen 1.09/turn               C - +4 ring of protection
MPRegen 0.15/turn               F - +4 ring of slaying

@: agile, berserking, very quick
A: molten scales 1, powered by pain 1, demonic magic 3, weakness stinger 2,
horns 1, regeneration 1, teleportitis 1, subdued magic 1
a: Renounce Religion, Receive Corpses


You were on level 10 of the Dungeon.
You worshipped Kikubaaqudgha.
Kikubaaqudgha was aware of your devotion.
You visited 2 branches of the dungeon, and saw 11 of its levels.

You collected 875 gold pieces.
You spent 690 gold pieces at shops.

Inventory:

Hand Weapons
 a - a +3 spear of freezing
 j - a +4 spear
 D - a +5 trident of pain (weapon)
 M - a +7 mace
 N - a +2 spear
Missiles
 l - 4 silver javelins
 m - a curare-tipped dart (quivered)
Armour
 c - a +1 buckler
 o - a +1 hat (worn)
 r - a +2 cloak of stealth (worn)
 G - the +2 scale mail of Buwul (worn) {*Slow Str+4 Int+3 SInv}
   (You bought it in a shop on level 7 of the Dungeon)

   Str:       It affects your strength (+4).
   Int:       It affects your intelligence (+3).
   SInv:      It lets you see invisible.
   *Slow:     It may slow you when you take damage.
Magical Staves
 g - a staff of cold
 y - a staff of fire
Jewellery
 C - a +4 ring of protection (left hand)
 F - a +4 ring of slaying (right hand)
 K - a ring of magical power
Wands
 h - a wand of polymorph (17)
 p - a wand of acid (17)
 s - a wand of digging (11)
 L - a wand of iceblast (7)
Scrolls
 b - 2 scrolls of fear
 e - 3 scrolls of teleportation
 q - 3 scrolls of amnesia
 t - a scroll of summoning
 v - a scroll of torment
 x - 3 scrolls of magic mapping
 I - 2 scrolls of identify
Potions
 d - a potion of attraction
 i - a potion of mutation
 k - 3 potions of heal wounds
 u - 3 potions of flight
 w - a potion of cancellation
 z - 3 potions of curing
 A - 3 potions of magic
 B - a potion of might
 E - a potion of haste
 H - a potion of brilliance


   Skills:
 - Level 6.0 Fighting
 - Level 2.4 Long Blades
 - Level 4.4 Maces & Flails
 - Level 5.4 Polearms
 + Level 0.5 Throwing
 * Level 6.4 Armour
 + Level 4.0 Dodging
 + Level 3.6 Stealth
 + Level 4.3 Shields
 - Level 4.0 Spellcasting
 + Level 2.1 Conjurations
 * Level 6.3 Necromancy
 + Level 1.4 Fire Magic
 + Level 0.4 Evocations


You had 5 spell levels left.
You knew the following spells:

 Your Spells              Type           Power      Damage    Failure   Level
a - Animate Dead          Necr           7%         N/A       28%         4
b - Foxfire               Conj/Fire      24%        2x1d5     19%         1
c - Animate Skeleton      Necr           30%        N/A       2%          1
d - Vampiric Draining     Necr           15%        2d7       8%          3
e - Pain                  Necr           60%        1d7       2%          1
f - Corpse Rot            Necr/Air       16%        N/A       16%         2

Your spell library contained the following spells:

 Spells                   Type           Power      Damage    Failure   Level
 Magic Dart               Conj           24%        1d4       16%         1
 Call Imp                 Summ           2%         N/A       50%         2
 Conjure Flame            Conj/Fire      6%         6-21      50%         3
 Agony                    Necr           15%        N/A       61%         5
 Inner Flame              Hex/Fire       3%         N/A       65%         3
 Mephitic Cloud           Conj/Pois/Air  3%         N/A       65%         3
 Call Canine Familiar     Summ           2%         N/A       75%         3
 Portal Projectile        Hex/Tloc       4%         N/A       75%         3
 Flame Wave               Conj/Fire      6%         2d5       89%         4
 Borgnjor's Vile Clutch   Necr/Erth      4%         N/A       96%         5
 Leda's Liquefaction      Hex/Erth       1%         N/A       99%         4
 Blade Hands              Tmut           1%         N/A       100%        5
 Irradiate                Conj/Tmut      2%         3d14      100%        5
 Manifold Assault         Tloc           2%         N/A       100%        5
 Death Channel            Necr           7%         N/A       99%         6
 Dragon Form              Tmut           1%         N/A       100%        7


Dungeon Overview and Level Annotations

Branches:
Dungeon (10/15)            Temple (1/1) D:5
   Lair: D:8-11         Orc: D:9-12

Altars:
Ashenzari
Dithmenos
Elyvilon
Fedhas
Gozag
Hepliaklqana
Kikubaaqudgha
Makhleb
Nemelex Xobeh
Okawaru
Ru
Sif Muna
Trog
Uskayaw
Vehumet
Wu Jian
Yredelemnul
Zin
The Shining One

Shops:
D:5 (   D:7 [*(*:

Annotations:
D:4 2 transporters, 3 runed translucent doors, Cheops's ghost, amateur FoAK; KittyFluff's ghost, amateur GrBe
D:5 4 runed translucent doors


Innate Abilities, Weirdness & Mutations

You are partially covered in molten scales. (AC +2)
You sometimes gain a little power by taking damage.
Spells you cast and wands you use may paralyse nearby enemies.
You have a tail ending in a sharp stinger.
You have a pair of small horns on your head.
Your natural rate of healing is unusually fast.
You are occasionally teleported next to monsters.
Your spells are a little easier to cast, but a little less powerful.


Message History

You headbutt the death knight, but do no damage.
Your tail-slap misses the death knight.
The death knight is moderately wounded.
The death knight reflects your damage back at you!
The death knight closely misses you.
You are too injured to fight recklessly!
You are too injured to fight recklessly!
You are too injured to fight recklessly!
You are too injured to fight recklessly!
You hit the death knight.
The death knight writhes in agony.
Your headbutt misses the death knight.
The death knight is moderately wounded.
The death knight reflects your damage back at you!
A slime creature comes into view.
You impale the death knight!!
The death knight writhes in agony.
You headbutt the death knight. You tail-slap the death knight!
The death knight is almost dead.
The death knight reflects your damage back at you!
* * * LOW HITPOINT WARNING * * *
You focus on the pain.
You feel agile all of a sudden.
The death knight hits you with a +2 vorpal battleaxe.
* * * LOW HITPOINT WARNING * * *
x2 You completely miss the death knight.
The death knight is almost dead.
The death knight completely misses you.
Unknown command.
You closely miss the death knight. You tail-slap the death knight.
The death knight is almost dead.
The death knight reflects your damage back at you!
The death knight's dark mirror aura disappears.
Unknown command.
You puncture the death knight!
The death knight is almost dead.
The death knight hits you with a +2 vorpal battleaxe!!
* * * LOW HITPOINT WARNING * * *
You focus on the pain.
You feel more agile all of a sudden.
You die...
Kikubaaqudgha rasps: "You have failed me!
Welcome... death!"

##.##.####.##..............#
.........#.##...............
.#.......#)##(....>.........
.#.##....)..................
##.#.......................#
##.#.##..#.##...............
#.#.##..#.##............##.
##.........###.#.#########
.....##..### #.#@#
##.####..# #.#p# #.# #..#
#.#o# #.# #..# #J# #.. #K#
### #K#


Jy# yKo You could see a death knight (summoned), 2 slime creatures, an orc
warrior, a kobold brigand, 2 killer bees, an orc priest and 2 kobolds.

Vanquished Creatures
  3 two-headed ogres (D:10)
  2 cyclopes
  A slime creature (D:10)
  A troll (D:7)
  Grinder (D:6)
  A wraith (D:5)
  A water moccasin (D:6)
  2 black bears
  2 ice beasts (D:7)
  A sky beast (D:5)
  2 kobold brigands
  3 bullfrogs
  A gnoll sergeant (D:5)
  2 scorpions
  A wyvern zombie (D:9)
  A water moccasin zombie (D:6)
  14 wights
  3 howler monkeys
  A jelly (D:7)
  A hound (D:4)
  Crazy Yiuf (D:3)
  A gnoll shaman (D:7)
  3 bullfrog skeletons
  A scorpion zombie (D:4)
  Terence (D:3)
  An iguana (D:6)
  3 orc wizards
  A hound zombie (D:4)
  A howler monkey zombie (D:7)
  11 gnolls
  4 adders
  3 shadow imps
  4 white imps
  3 ufetubi
  An adder skeleton (D:2)
  2 worms (D:5)
  7 dart slugs
  12 orcs
  5 ball pythons
  8 endoplasms
  2 giant cockroaches
  9 goblins
  16 hobgoblins
  6 jackals
  10 kobolds
  3 quokkas
  2 bats (D:3)
  5 frilled lizards
  9 rats
179 creatures vanquished.

Vanquished Creatures (others)
  9 foxfires
9 creatures vanquished.

Grand Total: 188 creatures vanquished

Notes
Turn   | Place    | Note
-------+----------+-------------------------------------------
     0 | D:1      | Icepheonix32 the Demonspawn Fighter began the quest for the
                  | Orb.
     0 | D:1      | Reached XP level 1. HP: 18/18 MP: 1/1
   187 | D:1      | Gained mutation: You are partially covered in molten
                  | scales. (AC +2) [demonic ancestry]
   187 | D:1      | Reached XP level 2. HP: 24/24 MP: 2/2
   433 | D:1      | Gained mutation: You sometimes gain a little power by
                  | taking damage. [demonic ancestry]
   433 | D:1      | Reached XP level 3. HP: 13/29 MP: 3/3
  1192 | D:2      | Reached XP level 4. HP: 11/35 MP: 4/4
  1196 | D:2      | Reached skill level 1 in Dodging
  1680 | D:2      | Reached skill level 1 in Maces & Flails
  1818 | D:3      | Found a faded altar of an unknown god.
  2171 | D:3      | Gained mutation: You have a small tail. [demonic ancestry]
  2171 | D:3      | Reached XP level 5. HP: 32/41 MP: 5/5
  2508 | D:3      | Found a runed translucent door.
  2509 | D:3      | Noticed Crazy Yiuf
  2538 | D:3      | Noticed Terence
  2541 | D:3      | Killed Terence
  2570 | D:3      | Found a hazy altar of Hepliaklqana.
  2794 | D:3      | Found a shimmering blue altar of Sif Muna.
  2923 | D:3      | Killed Crazy Yiuf
  3206 | D:4      | Noticed KittyFluff's ghost (amateur GrBe)
  3206 | D:4      | Found a transporter.
  3353 | D:4      | Gained mutation: Spells you cast may paralyse adjacent
                  | enemies. [demonic ancestry]
  3353 | D:4      | Reached XP level 6. HP: 45/48 MP: 6/6
  3885 | D:4      | Found a runed translucent gate.
  3885 | D:4      | Found a runed translucent gate.
  3885 | D:4      | Found a runed translucent gate.
  3885 | D:4      | Noticed Cheops's ghost (amateur FoAK)
  3887 | D:4      | Found a basalt altar of Yredelemnul.
  4009 | D:4      | Found a transporter.
  4426 | D:5      | Entered Level 5 of the Dungeon
  4426 | D:5      | Found a sparkling altar of Nemelex Xobeh.
  4449 | D:5      | Gained mutation: You are somewhat resistant to further
                  | mutation. [potion of mutation]
  4449 | D:5      | Gained mutation: You expend magic power (3 MP) to
                  | strengthen your wands. [potion of mutation]
  4464 | D:5      | Lost mutation: You expend magic power (3 MP) to strengthen
                  | your wands. [potion of mutation]
  4464 | D:5      | Lost mutation: You are somewhat resistant to further
                  | mutation. [potion of mutation]
  4464 | D:5      | Gained mutation: You are occasionally teleported next to
                  | monsters. [potion of mutation]
  4464 | D:5      | Gained mutation: You have a pair of small horns on your
                  | head. [potion of mutation]
  4464 | D:5      | Gained mutation: Your spells are a little easier to cast,
                  | but a little less powerful. [potion of mutation]
  4464 | D:5      | Gained mutation: Your natural rate of healing is unusually
                  | fast. [potion of mutation]
  4502 | D:5      | Found a large runed translucent door.
  4502 | D:5      | Found a large runed translucent door.
  4514 | D:5      | Found a large runed translucent door.
  4514 | D:5      | Found a large runed translucent door.
  4578 | D:5      | Noticed a wraith
  4590 | D:5      | Killed a wraith
  4591 | D:5      | Reached skill level 1 in Spellcasting
  4591 | D:5      | Gained mutation: Spells you cast may paralyse nearby
                  | enemies. [demonic ancestry]
  4591 | D:5      | Reached XP level 7. HP: 44/55 MP: 6/8
  4638 | D:5      | Found an iron altar of Okawaru.
  4983 | D:5      | Found Adint's Weapon Emporium.
  5109 | D:5      | Found a staircase to the Ecumenical Temple.
  5243 | Temple   | Entered the Ecumenical Temple
  5573 | Temple   | Became a worshipper of Kikubaaqudgha
  5682 | D:6      | Gained mutation: You have a tail ending in a sharp stinger.
                  | [demonic ancestry]
  5682 | D:6      | Reached XP level 8. HP: 61/61 MP: 11/11
  5698 | D:6      | Reached skill level 5 in Fighting
  5698 | D:6      | Reached skill level 1 in Polearms
  5698 | D:6      | Reached skill level 1 in Necromancy
  5701 | D:6      | Noticed Grinder
  5724 | D:6      | Paralysed by Grinder for 6 turns
  5733 | D:6      | Killed Grinder
  5740 | D:6      | Reached skill level 1 in Stealth
  5778 | D:6      | Found a hide-covered altar of Uskayaw.
  6468 | D:7      | Noticed a cyclops
  6476 | D:7      | Killed a cyclops
  6477 | D:7      | Reached XP level 9. HP: 64/68 MP: 12/14
  6482 | D:7      | Learned a level 4 spell: Animate Dead
  6508 | D:7      | Found Xasuas's Assorted Antiques.
  6533 | D:7      | Bought a coppery potion for 20 gold pieces
  6533 | D:7      | Bought a bloodstained scale mail for 207 gold pieces
  6533 | D:7      | Identified the +2 scale mail of Buwul {*Slow Str+4 Int+3
                  | SInv} (You bought it in a shop on level 7 of the Dungeon)
  6533 | D:7      | Bought a scroll of identify for 46 gold pieces
  6549 | D:7      | Found a blossoming altar of Fedhas.
  6594 | D:7      | Found Ujulos's Book Emporium.
  6703 | D:7      | Found Yvaalutt's Armour Shoppe.
  6794 | D:7      | Found a sacrificial altar of Ru.
  6808 | D:7      | Learned a level 1 spell: Foxfire
  6965 | D:7      | Found Cickivats's Antique Weapon Boutique.
  6966 | D:7      | Found Nouruami's General Store.
  7145 | D:7      | Noticed a troll
  7156 | D:7      | Killed a troll
  7305 | D:8      | Noticed a cyclops
  7342 | D:7      | Reached * piety under Kikubaaqudgha
  7342 | D:7      | Received a gift from Kikubaaqudgha
  7350 | D:7      | Learned a level 1 spell: Animate Skeleton
  7354 | D:7      | Learned a level 3 spell: Vampiric Draining
  7356 | D:7      | Learned a level 1 spell: Pain
  7475 | D:8      | Reached skill level 5 in Polearms
  7521 | D:8      | Killed a cyclops
  7522 | D:8      | Reached skill level 5 in Armour
  7797 | D:8      | Reached skill level 1 in Conjurations
  7891 | D:8      | Identified a scroll of acquirement
  7894 | D:8      | Acquired 385 gold pieces
  8001 | D:7      | Bought the Volume of Cloudy Dislocation for 252 gold pieces
  8043 | D:7      | Bought a +1 hat for 165 gold pieces
  8051 | D:7      | Learned a level 2 spell: Corpse Rot
  8297 | D:9      | You fall into a shaft and drop 1 floor!
  8297 | D:10     | Entered Level 10 of the Dungeon
  8303 | D:10     | Gained mutation: Spells you cast and wands you use may
                  | paralyse nearby enemies. [demonic ancestry]
  8303 | D:10     | Reached XP level 10. HP: 75/76 MP: 16/16
  8355 | D:10     | Noticed a two-headed ogre
  8356 | D:10     | Noticed a two-headed ogre
  8364 | D:10     | Killed a two-headed ogre
  8365 | D:10     | Reached skill level 5 in Necromancy
  8370 | D:10     | Killed a two-headed ogre
  8371 | D:10     | Reached skill level 1 in Fire Magic
  8422 | D:10     | Noticed a two-headed ogre
  8432 | D:10     | Killed a two-headed ogre
  8502 | D:10     | Noticed a death knight
  8515 | D:10     | HP: 1/114 [death knight/+2 vorpal battleaxe[a kobold
                  | brigand] (22)]
  8515 | D:10     | Mangled by a death knight

Illustrated notes

Levels and vault maps discovered:
D:1:      shiori_arrival_maze, layout_rooms
D:2:      layout_rooms, st_stairs_13, grunt_decor_junction
D:3:      layout_loops_ring, nicolae_hepliaklqana_hippocampus,
          nicolae_sif_muna_little_library, nicolae_ecumenical_oubliette,
          uniq_terence, uniq_crazy_yiuf_cottage
D:4:      layout_layer_cave, nicolae_yredelemnul_ghost_church,
          gammafunk_ghost_mausoleum, sigmund_edmund_badplayer
D:5:      layout_basic, general_overflow_altar, okawaru_gym_becter,
          minmay_temple_entry_poolview, serial_shops,
          nicolae_shop_bloodbath_and_beyond, minmay_hollow_rounded_squares
D:6:      layout_loops_cross, marbit_many_paths, palyth_stone_intersect,
          uniq_grinder
D:7:      layout_basic, mainiacjoe_overflow_concentric_impassable,
          nicolae_ru_great_annihilating_truth, serial_shops, shop,
          nicolae_shop_statue_plus, shop_coins, shop, shop,
          minmay_misc_feat_four_crosses
D:8:      layout_rooms, mainiacjoe_overflow_24_doors
D:9:      kennysheep_kobold_camp, layout_basic, kennysheep_mini_moat,
          kennysheep_slug_shrine
D:10:     lemuel_reptile_caves, layout_loops_ring, mainiacjoe_overflow_catwalk,
          kennysheep_small_square
Temple:   eino_wide_crystal_templ

Skill      XL: |  1  2  3  4  5  6  7  8  9 10 |
---------------+-------------------------------+-----
Long Blades    | 2 |  2.4
Shields        | 3 4 |  4.3
Armour         | 3 5 6 |  6.4
Dodging        | 1 2 3 4 |  4.0
Maces & Flails | 1 2 3 4 |  4.4
Fighting       | 4 5 6 |  6.0
Spellcasting   | 1 2 3 4 |  4.0
Polearms       | 4 5 |  5.4
Necromancy     | 3 4 6 |  6.3
Stealth        | 1 2 3 |  3.6
Conjurations   | 1 2 |  2.1
Fire Magic     | 1 |  1.4
Throwing       | |  0.5
Evocations     | |  0.4

Action                   |  1- 3 |  4- 6 |  7- 9 | 10-12 || total
-------------------------+-------+-------+-------+-------++-------
Melee: Long sword        |    66 |       |       |       ||    66
       Whip              |    39 |   191 |    69 |       ||   299
       Tailslap          |       |    17 |    21 |     7 ||    45
       Unarmed           |       |     1 |       |       ||     1
       Headbutt          |       |     5 |    52 |    12 ||    69
       Trident           |       |       |   197 |    32 ||   229
       Punch             |       |       |     3 |       ||     3
Throw: Dart              |       |       |       |     2 ||     2
       Throwing net      |       |       |       |     1 ||     1
 Cast: Animate Skeleton  |       |       |     6 |     2 ||     8
       Foxfire           |       |       |     5 |       ||     5
       Pain              |       |       |     2 |       ||     2
Evoke: Wand              |       |       |       |     1 ||     1
  Use: Potion            |     1 |     5 |     2 |     2 ||    10
       Scroll            |       |     5 |    14 |       ||    19
 Stab: Sleeping          |       |       |     3 |       ||     3
       Paralysed         |       |       |     3 |       ||     3
       Held in net/web   |       |       |       |     3 ||     3
Armor: Scale mail        |    57 |    76 |    57 |     5 ||   195
       Ring mail         |       |    30 |    48 |       ||    78
Dodge: Dodged            |    49 |    90 |   118 |     9 ||   266
Block: Buckler           |    24 |    58 |    44 |       ||   126
